AoeStats
← Dirty Dan

Arena

509185038Analyzed
3v3 RM · 6d ago on Sep 25, 2026· 64m 54s· 6 players
Game mode
Random Map
Map size
Normal (6 player)
Population
200
Speed
Normal
Resources
Standard
Victory
Conquest
Starting age
Dark Age
Ending age
Imperial Age
RankedLock teamsTeams togetherTeam positionsShared explorationLock speedFull tech treeHidden civsTurbo modeCheats
Victory
Defeat
🇩🇪 Celts · Germany
1057
+16
🇩🇪 Danes · Germany
1053
+16
🇩🇪 Franks · Germany
1035
+17
🇹🇷 Khmer · Türkiye
1150
-19
🇹🇷 Lithuanians · Türkiye
1073
-17
🇹🇷 Cumans · Türkiye
966
-13
schmitz89
0:59 Loom
12:14 Feudal Age
16:34 Castle Age
14:30 Double-Bit Axe
14:58 Horse Collar
17:57 Bow Saw
17:48 Heavy Plow
24:53 Wheelbarrow
24:52 Scale Mail Armor
25:50 Forging
28:14 Chain Mail Armor
28:35 Iron Casting
33:03 Imperial Age
32:10 Pikeman
33:50 Capped Ram
33:53 Onager
35:39 Hand Cart
36:09 Plate Mail Armor
39:11 Siege Onager
41:11 Furor Celtica
42:11 Siege Engineers
41:41 Halberdier
44:37 Blast Furnace
46:02 Chemistry
50:00 Siege Ram
62:03 Gambesons
64:29 Heavy Scorpion
Dirty Dan
11:36 Feudal Age
15:55 Castle Age
13:52 Double-Bit Axe
16:46 Loom
26:39 Husbandry
28:04 Scale Barding Armor
30:38 Wheelbarrow
33:32 Imperial Age
34:41 Cavalier
35:21 Heavy Scorpion
36:38 Hand Cart
36:09 Town Watch
36:38 Forging
37:41 Chain Barding Armor
39:01 Iron Casting
39:29 Siege Engineers
39:36 Fortified Wall
39:22 Murder Holes
42:40 Paladin
46:21 Chivalry
46:41 Conscription
47:16 Ballistics
48:09 Town Patrol
54:39 Light Cavalry
59:15 Elite Throwing Axeman
63:23 Chemistry
63:00 Plate Barding Armor
Dagobert
8:04 Loom
10:39 Feudal Age
14:52 Castle Age
20:46 Forging
23:13 Scale Mail Armor
25:11 Squires
25:08 Arson
28:23 Horse Collar
32:46 Iron Casting
33:52 Chain Mail Armor
40:17 Imperial Age
37:37 Double-Bit Axe
39:10 Wheelbarrow
39:34 Pikeman
40:27 Gambesons
40:52 Halberdier
41:51 Onager
43:47 Blast Furnace
43:28 Gold Mining
43:55 Bow Saw
43:56 Heavy Plow
44:48 Conscription
45:42 Town Watch
55:26 Plate Mail Armor
55:59 Hand Cart
58:00 Elite Jomsviking
58:08 Hamask
60:22 Heavy Scorpion
Sarkum
5:08 Loom
10:21 Feudal Age
10:50 Double-Bit Axe
17:32 Wheelbarrow
20:05 Castle Age
24:54 Wheelbarrow
27:44 Bow Saw
29:41 Hand Cart
30:35 Horse Collar
33:55 Scale Mail Armor
33:46 Fletching
34:43 Forging
35:50 Squires
35:57 Pikeman
36:56 Heavy Plow
41:17 Imperial Age
39:40 Chain Mail Armor
41:09 Bodkin Arrow
41:14 Padded Archer Armor
41:50 Iron Casting
43:08 Two-Man Saw
43:08 Conscription
42:33 Elite Kipchak
44:43 Chemistry
50:03 Ballistics
50:17 Plate Mail Armor
58:48 Halberdier
D.M.G.
11:49 Feudal Age
15:12 Castle Age
13:53 Double-Bit Axe
13:51 Horse Collar
14:45 Stone Mining
16:59 Heavy Plow
25:09 Wheelbarrow
29:59 Imperial Age
30:22 Hand Cart
31:29 Conscription
31:11 Double Crossbow
33:18 Heavy Scorpion
37:07 Bow Saw
37:59 Fletching
38:10 Padded Archer Armor
38:57 Bodkin Arrow
43:30 Elite Battle Elephant
44:13 Husbandry
43:36 Cavalier
44:51 Forging
44:46 Scale Barding Armor
44:42 Bracer
45:17 Bloodlines
44:29 Light Cavalry
46:27 Iron Casting
48:56 Hussar
tostostos
9:12 Loom
9:18 Loom
11:03 Feudal Age
13:32 Double-Bit Axe
16:17 Castle Age
14:28 Horse Collar
15:11 Forging
17:18 Wheelbarrow
16:54 Scale Barding Armor
17:18 Light Cavalry
24:58 Bow Saw
26:40 Husbandry
26:51 Bloodlines
29:41 Iron Casting
29:51 Heavy Plow
30:54 Chain Barding Armor
34:42 Imperial Age
32:46 Hill Forts
34:59 Cavalier
35:38 Winged Hussar
37:00 Scale Mail Armor
39:39 Plate Barding Armor
39:26 Gold Mining
39:26 Stone Mining
39:49 Stone Mining
40:49 Chain Mail Armor
41:28 Conscription
42:32 Chemistry
41:44 Fortified Wall
43:32 Two-Man Saw
43:00 Ballistics
42:58 Fletching
43:09 Padded Archer Armor
44:05 Crop Rotation
43:53 Hand Cart
44:01 Bodkin Arrow
44:13 Tower Shields
46:00 Elite Skirmisher
53:42 Stone Shaft Mining
56:01 Paladin
57:14 Thumb Ring
57:28 Bracer
59:25 Hoardings
59:52 Bombard Tower
59:43 Masonry
60:08 Leather Archer Armor
63:41 Ring Archer Armor
Connection lost

Rejoining the realm…

Still unreachable

The connection could not be restored.

Session expired

The server has moved on; the page needs a fresh start.